 Dungeon Crawl Stone Soup version 0.30-a0-722-g3e6e8c874d (webtiles) character file.

Game seed: 5550572021989547478

119 Dittersdorf the Trooper (level 5, 0/33 HPs)
             Began as a Gargoyle Fighter on Jan 27, 2023.
             Slain by Natasha (5 damage)
             ... on level 3 of the Dungeon.
             The game lasted 00:02:38 (2429 turns).

Dittersdorf the Trooper (Gargoyle Fighter)          Turns: 2429, Time: 00:02:39

Health: 0/33       AC: 12    Str: 21    XL:     5   Next: 3%
Magic:  5/5        EV:  9    Int:  9    God:
Gold:   113        SH:  4    Dex:  9    Spells: 4/4 levels left

rFire   . . .      SeeInvis .    a - +0 flail
rCold   . . .      Faith    .    c - +0 buckler
rNeg    + . .      Spirit   .    b - +0 scale mail
rPois   ∞          Reflect  .    (no helmet)
rElec   +          Harm     .    (no cloak)
rCorr   .          Rampage  .    (no gloves)
Will    .....                    m - +0 pair of boots Stlth
                                 (no amulet)
HPRegen 0.25/turn                (no ring)
MPRegen 0.09/turn                (no ring)

@: no status effects
A: sickness immunity, AC +4, negative energy resistance 1, electricity
resistance, torment resistance 1, petrification resistance
a: no special abilities


You were on level 3 of the Dungeon.
You visited 1 branch of the dungeon, and saw 3 of its levels.

You collected 113 gold pieces.

Inventory:

Hand Weapons
 a - a +0 flail (weapon)
Missiles
 s - 4 poisoned darts (quivered)
Armour
 b - a +0 scale mail (worn)
 c - a +0 buckler (worn)
 m - a +0 pair of boots (worn)
Scrolls
 e - 2 scrolls of noise {unknown}
 f - 2 scrolls of blinking {unknown}
 g - 3 scrolls of identify {unknown}
 i - a scroll of fog {unknown}
 k - 2 scrolls of acquirement {unknown}
 l - a scroll of silence {unknown}
 r - a scroll of teleportation {unknown}
Potions
 d - 2 potions of might
 h - 4 potions of curing {unknown}
 j - a potion of cancellation {unknown}
 n - a potion of attraction {unknown}
 o - a potion of resistance {unknown}
 p - a potion of heal wounds {unknown}
 q - a potion of mutation {unknown}
 t - a potion of berserk rage {unknown}


   Skills:
 + Level 4.1 Fighting
 + Level 3.0 Maces & Flails
 + Level 4.1 Armour
 + Level 4.1 Shields


You had 4 spell levels left.
You didn't know any spells.
Your spell library contained the following spells:

 Spells                   Type           Power      Damage    Failure   Level
 Magic Dart               Conj           0%         1d3       80%         1
 Call Imp                 Summ           0%         N/A       91%         2
 Mephitic Cloud           Conj/Pois/Air  0%         N/A       99%         3
 Ozocubu's Armour         Ice            0%         N/A       99%         3
 Ozocubu's Refrigeration  Ice            0%         4d7       100%        7


Dungeon Overview and Level Annotations

Branches:
Dungeon (3/15)

Altars:

Shops:
D:1 =*[[

Annotations:
D:3 Natasha


Innate Abilities, Weirdness & Mutations

You are immune to sickness and miasma.
Your stone body is resilient. (AC +4)
You are immune to poison.
You resist negative energy. (rN+)
You are resistant to electric shocks. (rElec)
You are resistant to unholy torment.
You are immune to petrification.


Message History

You are too injured to fight recklessly!
You are too injured to fight recklessly!
You are too injured to fight recklessly!
You are too injured to fight recklessly!
You are too injured to fight recklessly!
You are too injured to fight recklessly!
You are too injured to fight recklessly!
You are too injured to fight recklessly!
You are too injured to fight recklessly!
You are too injured to fight recklessly!
You are too injured to fight recklessly!
You are too injured to fight recklessly!
You are too injured to fight recklessly!
You hit Natasha.
Natasha is heavily wounded.
Natasha barely misses you. The white imp barely misses you.
The white imp closely misses you.
You closely miss Natasha.
Natasha is heavily wounded.
Natasha claws you but does no damage. The white imp gestures at you.
The puff of frost hits you.
* * * LOW HITPOINT WARNING * * *
The white imp shouts, "Remove thy stench, thou erky weeb-spouting codpiece!"
The white imp hits you.
* * * LOW HITPOINT WARNING * * *
The white imp freezes you.
* * * LOW HITPOINT WARNING * * *
Natasha stares at you and mumbles some strange words.
You resist with some effort.
You closely miss Natasha.
Natasha is heavily wounded.
The white imp hits you but does no damage. x2
Natasha closely misses you.
The white imp hits you but does no damage. x2
Natasha attacks as you move away! Natasha claws you but does no damage.
There is a stone staircase leading down here.
The white imp hits you but does no damage.
Natasha attacks as you move away! Natasha claws you.
You die...

#.......# #.......#
#.......# #########
#.......# .......#
#......## .......#
#......# .......
#†.....# ###...#
##......########.5...##
...............'@h....#
##......########.5....#
#......##....###.###'#
#......##....# #... ..
#......##....# ##### .
##...####....# # #...#
#....# ###...# ###..#
......# ###..#


You could see Natasha and 2 white imps.

Vanquished Creatures
  Natasha (D:3)
  3 gnolls (D:2)
  2 adders (D:3)
  2 worms
  A dart slug (D:1)
  3 ball pythons
  2 endoplasms
  2 giant cockroaches
  A goblin (D:3)
  6 hobgoblins
  A quokka (D:2)
  6 bats
  4 frilled lizards
  2 kobolds
  6 rats
42 creatures vanquished.

Notes
Turn   | Place    | Note
-------+----------+-------------------------------------------
     0 | D:1      | Dittersdorf the Gargoyle Fighter began the quest for the
                  | Orb.
     0 | D:1      | Reached XP level 1. HP: 14/14 MP: 1/1
     6 | D:1      | Found Hyleg's Armour Emporium.
    58 | D:1      | Found Fecaoxt's Armour Shoppe.
    65 | D:1      | Reached XP level 2. HP: 19/19 MP: 2/2
   231 | D:1      | Found Ditrigiq's Antique Armour Boutique.
   307 | D:1      | Found Nuloost's General Store.
   340 | D:1      | Found Puxuo's Jewellery Shop.
  1144 | D:2      | Reached XP level 3. HP: 23/23 MP: 3/3
  1403 | D:2      | Reached XP level 4. HP: 12/29 MP: 4/4
  1679 | D:2      | Found a faded altar of an unknown god.
  2081 | D:3      | Noticed Natasha
  2086 | D:3      | Killed Natasha
  2356 | D:3      | Reached XP level 5. HP: 26/33 MP: 5/5
  2410 | D:3      | Noticed Natasha
  2429 | D:3      | Slain by Natasha

Illustrated notes

Levels and vault maps discovered:
D:1:      dpeg_arrival_ratfight, layout_basic, serial_shops, shop,
          nicolae_shop_stone, shop, shop, shop
D:2:      layout_loops_ring, shapermc_ecumenical_altar_mp_vishouse,
          minmay_misc_feat_nine_boxes
D:3:      layout_basic, serial_co_window_serial, co_window_of_opportunity_a,
          co_window_paths_b, co_window_paths_a, co_window_paths_a,
          co_window_corner_a, co_window_broadway_b, co_window_of_opportunity_b,
          co_window_of_opportunity_b, co_window_broadway_c, co_window_2corner,
          glass_columns_c, glass_columns_a, uniq_natasha

Skill      XL: |  1  2  3  4 |
---------------+-------------+-----
Fighting       | 4 |  4.1
Armour         | 4 |  4.1
Shields        | 4 |  4.1
Maces & Flails | 3 |  3.0

Action                     |  1- 3 |  4- 6 || total
---------------------------+-------+-------++-------
  Melee: Flail             |    91 |    79 ||   170
 Armour: Scale mail        |    50 |    51 ||   101
  Dodge: Dodged            |    45 |    41 ||    86
  Block: Buckler           |    17 |    21 ||    38

Table legend: (Time is in decaauts)
 A = Elapsed time spent in this place.
 B = Non-inter-level travel time spent in this place.
 C = Inter-level travel time spent in this place.
 D = Time resting spent in this place.
 E = Time spent auto-exploring this place.
 F = Levels seen in this place.
 G = Mean time per level.
                   A        B        C        D        E       F      G
               +--------+--------+--------+--------+--------+-----+--------+
         Total |   2481 |   2350 |    131 |     71 |   1848 |   3 |  827.0 |
       Dungeon |   2481 |   2350 |    131 |     71 |   1848 |   3 |  827.0 |
               +--------+--------+--------+--------+--------+-----+--------+

Top non-repeatable levels by time:
     D:2: 920 daAuts
     D:1: 861 daAuts
     D:3: 699 daAuts
